 Dungeon Crawl Stone Soup version 0.25.0-9-g26727b657a (webtiles) character file.

Game seed: 8478409999407451108

1162 HoaS the Cruncher (level 8, -3/78 HPs)
             Began as a Gargoyle Gladiator on June 19, 2020.
             Was an Initiate of Makhleb.
             Slain by a wight
             ... wielding a cursed +4 flail of freezing
              (9 damage)
             ... on level 6 of the Dungeon.
             The game lasted 00:14:38 (4908 turns).

HoaS the Cruncher (Gargoyle Gladiator)              Turns: 4908, Time: 00:14:39

Health: -3/78      AC: 14    Str: 20    XL:     8   Next: 39%
Magic:  8/8        EV:  8    Int:  8    God:    Makhleb [......]
Gold:   287        SH:  0    Dex: 12    Spells: 7/7 levels left

rFire    . . .     SeeInvis .   a - +1 quarterstaff
rCold    . . .     Gourm    .   (shield currently unavailable)
rNeg     + . .     Faith    .   k - +0 chain mail
rPois    ∞         Spirit   .   c - +0 helmet
rElec    +         Reflect  .   (no cloak)
rCorr    +         Harm     .   (no gloves)
MR       .....                  (no boots)
Stlth    ..........             (no amulet)
HPRegen  0.23/turn              g - ring of resist corrosion
MPRegen  0.11/turn              (no ring)

@: berserking, very quick
A: negative energy resistance 1, electricity resistance, unbreathing,
petrification resistance, rot immunity, AC +5
a: Renounce Religion


You were on level 6 of the Dungeon.
You worshipped Makhleb.
Makhleb was noncommittal.
You were not hungry.

You visited 2 branches of the dungeon, and saw 7 of its levels.

You collected 287 gold pieces.

Inventory:

Hand Weapons
 a - a +1 quarterstaff (weapon)
Missiles
 d - a throwing net (quivered)
 n - 2 boomerangs
 u - 13 poisoned darts
Armour
 c - a +0 helmet (worn)
 k - a +0 chain mail (worn)
 o - a +0 kite shield
Jewellery
 g - a ring of resist corrosion (left hand)
Wands
 t - a wand of random effects (16)
Scrolls
 b - a scroll of magic mapping
 e - 5 scrolls of remove curse
 i - 4 scrolls of identify
 j - a scroll of fear
 m - 4 scrolls of teleportation
Potions
 h - 2 potions of lignification
 q - 2 potions of flight
 r - a potion of stabbing
 s - a potion of mutation
 v - a potion of curing {unknown}
Comestibles
 f - 10 rations
 l - 2 chunks of flesh


   Skills:
 + Level 6.5 Fighting
 * Level 8.5 Staves
 - Level 1.7 Throwing
 - Level 2.4 Dodging


You had 7 spell levels left.
You didn't know any spells.
Your spell library was empty.

Dungeon Overview and Level Annotations

Branches:
Dungeon (6/15)             Temple (1/1) D:5

Altars:
Ashenzari
Cheibriados
Dithmenos
Elyvilon
Fedhas
Gozag
Hepliaklqana
Kikubaaqudgha
Makhleb
Nemelex Xobeh
Okawaru
Qazlal
Ru
Sif Muna
Uskayaw
Vehumet
Wu Jian
Xom
Yredelemnul
Zin
The Shining One

Annotations:
D:5 3 runed translucent doors, GordonOverkill's ghost, novice DDFi


Innate Abilities, Weirdness & Mutations

You are resistant to torment.
Your stone body is resilient. (AC +5)
You are immune to poison.
You resist negative energy. (rN+)
You are resistant to electric shocks. (rElec)
You can survive without breathing.
You are immune to petrification.
You are immune to rotting.


Message History

You hit the wight.
The wight is severely damaged.
The wight hits you but does no damage.
The wight hits you with a cursed +4 flail of freezing.
* * * LOW HITPOINT WARNING * * *
The wight freezes you.
* * * LOW HITPOINT WARNING * * *
You sock the wight!
You destroy the wight!
Makhleb accepts your kill.
The wight hits you with a cursed +4 flail of freezing.
* * * LOW HITPOINT WARNING * * *
The wight freezes you.
* * * LOW HITPOINT WARNING * * *
Things that are here:
a +2 vampiric trident; a +0 robe A red film seems to cover your vision as you go berserk!
You feel yourself moving faster!
You feel mighty!
The wight hits you with a cursed +4 flail of freezing!
You die...

#........##.# #.
#........##.# #.
#........##.#########
#........##..........
#........#...........
#........#...........
###'######...........
##)## ##..........
#.z@# #......[...
#...# ###..........
#...# #...#########
#...# #...######
#...# #...'....#
#...# #...####.#
#...# #...# #.# #...#
##### #.# #.####


You could see a wight.

Vanquished Creatures
  Grinder (D:4)
  2 ogres (D:5)
  A centaur (D:5)
  4 wights (D:6)
  2 crimson imps (D:5)
  A bullfrog zombie (D:5)
  A centaur skeleton (D:4)
  A jelly (D:6)
  2 orc priests
  An orc wizard (D:5)
  4 worker ants
  A hound skeleton (D:6)
  8 adders
  A shadow imp (D:5)
  An ooze (D:1)
  An adder skeleton (D:5)
  3 worms
  A dart slug (D:1)
  5 leopard geckos
  11 orcs
  7 giant cockroaches
  3 hobgoblins (D:3)
  7 jackals (D:3)
  3 kobolds
  2 quokkas
  3 ball pythons
  9 bats
  5 frilled lizards
  7 goblins
  A jackal skeleton (D:4)
  A quokka skeleton (D:4)
  4 rats
104 creatures vanquished.

Notes
Turn   | Place    | Note
-------+----------+-------------------------------------------
     0 | D:1      | HoaS the Gargoyle Gladiator began the quest for the Orb.
     0 | D:1      | Reached XP level 1. HP: 12/12 MP: 1/1
   208 | D:1      | Reached XP level 2. HP: 12/18 MP: 2/2
  1083 | D:2      | Reached XP level 3. HP: 22/22 MP: 3/3
  1300 | D:2      | Reached skill level 4 in Staves
  1439 | D:2      | Found a stormy altar of Qazlal.
  1446 | D:2      | Found a radiant altar of Vehumet.
  1453 | D:2      | Found a basalt altar of Yredelemnul.
  1461 | D:2      | Found a shattered altar of Ashenzari.
  1471 | D:2      | Found a glowing silver altar of Zin.
  1478 | D:2      | Found a hide-covered altar of Uskayaw.
  1491 | D:2      | Found a glowing golden altar of the Shining One.
  1685 | D:3      | Reached XP level 4. HP: 23/28 MP: 4/4
  1969 | D:3      | Found a sparkling altar of Nemelex Xobeh.
  2271 | D:3      | Reached XP level 5. HP: 25/32 MP: 5/5
  2391 | D:3      | Found a shadowy altar of Dithmenos.
  2472 | D:3      | Reached skill level 5 in Staves
  2520 | D:4      | Found a hazy altar of Hepliaklqana.
  2545 | D:4      | Noticed Grinder
  2584 | D:4      | Paralysed by Grinder for 6 turns
  2593 | D:4      | Killed Grinder
  2593 | D:4      | Reached skill level 6 in Staves
  2593 | D:4      | Reached XP level 6. HP: 9/39 MP: 6/6
  3438 | D:4      | Reached XP level 7. HP: 44/44 MP: 7/7
  3590 | D:5      | Entered Level 5 of the Dungeon
  3617 | D:5      | Found a staircase to the Ecumenical Temple.
  3636 | D:5      | Reached skill level 5 in Fighting
  3658 | Temple   | Entered the Ecumenical Temple
  3691 | Temple   | Became a worshipper of Makhleb the Destroyer
  3834 | D:5      | Noticed GordonOverkill's ghost (novice DDFi)
  3837 | D:5      | Found a runed translucent gate.
  3837 | D:5      | Found a runed translucent gate.
  3838 | D:5      | Found a runed translucent gate.
  3856 | D:5      | Found an iron altar of Okawaru.
  3929 | D:5      | Reached skill level 7 in Staves
  4180 | D:5      | Reached XP level 8. HP: 46/51 MP: 8/8
  4565 | D:5      | Reached skill level 8 in Staves
  4908 | D:6      | Slain by a wight

Illustrated notes

Levels and vault maps discovered:
D:1:      saegor_arrival_simple_d, layout_basic
D:2:      layout_rooms, grunt_temple_overflow_octagram, minmay_liquid_box,
          glass_columns_b, minmay_pentomino_x2
D:3:      layout_loops_ring, nicolae_overflow_hidden_temple,
          nemelex_xobeh_ov_fountains_minmay, first_ration
D:4:      layout_basic, nicolae_overflow_crystal_walls,
          kennysheep_generic_room_5, uniq_grinder
D:5:      layout_loops_ring, temple_hall, gammafunk_ghost_nasty_kobolds,
          okawaru_ov_weapons_minmay
D:6:      layout_basic, serial_shops, kennysheep_mini
Temple:   minmay_temple_bridge_abc

Skill      XL: |  1  2  3  4  5  6  7  8 |
---------------+-------------------------+-----
Staves         | 4 6 7 8 |  8.5
Fighting       | 3 4 5 6 |  6.5
Throwing       | |  1.7
Dodging        | |  2.4

Action                   |  1- 3 |  4- 6 |  7- 9 || total
-------------------------+-------+-------+-------++-------
Melee: Quarterstaff      |   105 |   153 |   154 ||   412
Throw: Throwing net      |       |     3 |     2 ||     5
       Boomerang         |       |       |     1 ||     1
       Dart              |       |       |     1 ||     1
  Use: Scroll            |     9 |       |     5 ||    14
       Potion            |       |       |     1 ||     1
 Stab: Held in net/web   |       |       |     2 ||     2
  Eat: Chunk             |     2 |     6 |     5 ||    13
Armor: Ring mail         |    18 |       |       ||    18
       Leather armour    |     2 |       |       ||     2
       Chain mail        |    66 |    94 |    91 ||   251
Dodge: Dodged            |    66 |    61 |    64 ||   191
